 Dungeon Crawl Stone Soup version 0.22.1-6-g1668fe2c40 (webtiles) character file.

67 H0rd4k the Charlatan (level 4, -6/32 HPs)
             Began as a Human Artificer on Jan 17, 2019.
             Killed by divine providence
             ... invoked by an orc priest
              (16 damage)
             ... on level 3 of the Dungeon.
             The game lasted 00:02:35 (2306 turns).

H0rd4k the Charlatan (Human Artificer)              Turns: 2306, Time: 00:02:35

Health: -6/32      AC:  3    Str: 13    XL:     4   Next: 40%
Magic:  6/6        EV: 12    Int: 11    God:
Gold:   160        SH:  0    Dex: 14    Spells: 3/3 levels left

rFire    . . .     SeeInvis .   a - +0 short sword
rCold    . . .     Gourm    .   (no shield)
rNeg     . . .     Faith    .   b - +0 leather armour
rPois    .         Spirit   .   (no helmet)
rElec    .         Reflect  .   (no cloak)
rCorr    .         Harm     .   (no gloves)
MR       .....                  (no boots)
Stlth    +.........             (no amulet)
HPRegen  0.10/turn              (no ring)
MPRegen  0.10/turn              (no ring)

@: no status effects
A: no striking features
a: no special abilities


You were on level 3 of the Dungeon.
You were not hungry.

You visited 1 branch of the dungeon, and saw 3 of its levels.

You collected 160 gold pieces.

Inventory:

Hand Weapons
 a - a +0 short sword (weapon)
Missiles
 m - 74 bolts
 y - 37 sling bullets
Armour
 b - a +0 leather armour (worn)
 w - a +0 helmet
 z - a +0 cloak
Jewellery
 g - an uncursed ring of stealth {unknown}
 k - a cursed -6 ring of strength {unknown}
 q - an uncursed ring of magical power {unknown}
 u - an uncursed amulet of faith {unknown}
Wands
 c - a wand of flame (9)
 d - a wand of enslavement (15)
 e - a wand of random effects (15)
Scrolls
 i - 6 scrolls of identify {unknown}
 p - a scroll of teleportation {unknown}
 r - a scroll of enchant weapon {unknown}
 v - 2 scrolls of blinking {unknown}
 x - 3 scrolls of random uselessness {unknown}
 B - a scroll of immolation {unknown}
Potions
 h - 2 potions of curing {unknown}
 j - a potion of lignification {unknown}
 l - a potion of magic {unknown}
 n - a potion of flight {unknown}
 o - 2 potions of heal wounds {unknown}
 s - a potion of berserk rage {unknown}
 t - a potion of mutation {unknown}
 A - a potion of cancellation {unknown}
Comestibles
 f - 3 rations


   Skills:
 + Level 1.1 Fighting
 + Level 1.9 Short Blades
 + Level 1.6 Armour
 + Level 2.4 Dodging
 + Level 1.0 Stealth
 + Level 3.7 Evocations


You had 3 spell levels left.
You didn't know any spells.
Your spell library was empty.

Dungeon Overview and Level Annotations

Branches:
Dungeon (3/15)

Altars:
Cheibriados

Annotations:
D:2 Crazy Yiuf


Message History

An orc priest comes into view.
The orc priest looks encouraged for a moment.
You hit the orc.
The orc is heavily wounded.
The orc barely misses you.
You hit the orc.
The orc is heavily wounded.
The orc misses you.
You closely miss the orc.
The orc is heavily wounded.
You hit the orc but do no damage.
The orc is heavily wounded.
The orc closely misses you. The orc hits you with a war axe.
The orc priest calls down the wrath of Beogh upon you.
Beogh smites you!
The orc priest calls down the wrath of Beogh upon you.
Beogh smites you!
Ouch! That really hurt!
You die...

#.# #[.# #.#.# .#
#.####.######.#####.#.###.#...
#...............o..o.o......#
######.#####....#####.....###
#.####..##o..###...##..oo
#.......#o....##.#.# ###
#.#####..o....≈≈≈#.# #.#
#..o...≈≈≈≈≈## ###
#..@...≈≈.≈≈_#
#.#....≈≈≈≈≈#######
#.#.....≈≈≈##.....##
##........########..#
##.............#####.)
######..#.......###.....###
#..)...###.....## #####.##.
#......# ##...## #.##.
#......# ##### #.##.


You could see an orc priest and 4 orcs.

Vanquished Creatures
  5 worms (D:2)
  3 dart slugs
  An orc (D:3)
  2 giant cockroaches (D:2)
  4 goblins
  5 hobgoblins
  6 kobolds
  3 quokkas
  A ball python (D:2)
  6 bats
  3 frilled lizards
  7 rats
46 creatures vanquished.

Notes
Turn   | Place    | Note
-------+----------+-------------------------------------------
     0 | D:1      | H0rd4k the Human Artificer began the quest for the Orb.
     0 | D:1      | Reached XP level 1. HP: 15/15 MP: 3/3
   169 | D:1      | Reached XP level 2. HP: 13/21 MP: 4/4
   393 | D:1      | Reached XP level 3. HP: 16/26 MP: 5/5
   657 | D:2      | Reached skill level 1 in Armour
  1299 | D:2      | Reached XP level 4. HP: 32/32 MP: 6/6
  1798 | D:2      | Found a runed door.
  2068 | D:2      | Noticed Crazy Yiuf
  2162 | D:3      | Found a snail-covered altar of Cheibriados.
  2306 | D:3      | Killed from afar by an orc priest

Skill      XL: |  1  2  3 |
---------------+----------+-----
Armour         | 1 |  1.6
Fighting       | |  1.1
Short Blades   | |  1.9
Dodging        | |  2.4
Stealth        | |  1.0
Evocations     | |  3.7

Action                   |  1- 3 |  4- 6 || total
-------------------------+-------+-------++-------
Melee: Short sword       |   124 |    58 ||   182
Evoke: Wand              |     2 |     4 ||     6
 Stab: Sleeping          |     1 |     1 ||     2
       Distracted        |       |     1 ||     1
  Eat: Chunk             |     1 |     1 ||     2
       Ration            |       |     1 ||     1
Armor: Leather armour    |    29 |     5 ||    34
Dodge: Dodged            |   105 |    30 ||   135
